 Dungeon Crawl Stone Soup version 0.31.0-11-ge490571c62 (webtiles) character file.

Game seed: 17132701841063248867

506 SnakkuSnakku7 the Ruffian (level 7, -9/61 HPs)
             Began as a Ghoul Summoner on Jan 26, 2024.
             Mangled by an ogre
             ... wielding a +0 giant club
              (13 damage)
             ... on level 5 of the Dungeon.
             The game lasted 00:05:26 (3727 turns).

SnakkuSnakku7 the Ruffian (Ghoul Summoner)          Turns: 3727, Time: 00:05:26

Health: -9/61      AC:  5    Str: 11 (14) XL:     7   Next: 18%
Magic:  9/9        EV:  5    Int: 14      God:
Gold:   113        SH:  0    Dex:  8 (9)  Spells: 8/9 levels left

rFire   . .          .
                       - Unarmed
rCold   + + .        (no shield)
rNeg    + + +        d - +0 ring mail
rPois   ∞            (no helmet)
rElec   .            (no cloak)
rCorr   .            (no gloves)
SInv    +            (no boots)
Will    .....        (no amulet)
Stlth   +            k - ring of protection from cold
HPRegen 0.00/turn    o - ring of see invisible
MPRegen 0.11/turn

%: no passive effects
@: held, inhibited regen
A: claws 1, cold resistance 1, negative energy resistance 3, inhibited
regeneration, torment resistance 2, devour on kill
a: no special abilities


You were on level 5 of the Dungeon.
You visited 1 branch of the dungeon, and saw 5 of its levels.

You collected 239 gold pieces.
You spent 126 gold pieces at shops.

Inventory:

Armour
 a - a +0 robe
 d - a +0 ring mail (worn)
Jewellery
 k - a ring of protection from cold (left claw)
 o - a ring of see invisible (right claw)
Scrolls
 c - a scroll of enchant armour {unknown}
 f - a scroll of torment {unknown}
 g - a scroll of acquirement {unknown}
 l - 3 scrolls of amnesia {unknown}
 n - a scroll of fear {unknown}
 p - a scroll of brand weapon {unknown}
 q - a scroll of vulnerability {unknown}
 r - a scroll of identify
Potions
 b - a potion of magic
 e - a potion of cancellation
 h - a potion of heal wounds
 i - a potion of haste
 j - a potion of enlightenment
 m - 2 potions of attraction


   Skills:
 + Level 5.5 Fighting
 - Level 1.7 Dodging
 - Level 2.1 Stealth
 + Level 5.5 Unarmed Combat
 - Level 1.7 Spellcasting
 - Level 3.6 Summonings


You had 8 spell levels left.
You knew the following spells:

 Your Spells              Type           Power      Damage    Failure   Level
a - Summon Small Mammal   Summ           44%        N/A       14%         1

Your spell library contained the following spells:

 Spells                   Type           Power      Damage    Failure   Level
 Call Imp                 Summ           22%        N/A       21%         2
 Call Canine Familiar     Summ           11%        N/A       38%         3
 Magic Dart               Conj           4%         1d3       52%         1
 Searing Ray              Conj           2%         2d4       65%         2
 Summon Blazeheart Golem  Fire/Summ      6%         N/A       96%         4
 Summon Lightning Spire   Summ/Air       6%         N/A       96%         4
 Fulminant Prism          Conj/Alch      0%         3d5       99%         4


Dungeon Overview and Level Annotations

Branches:
Dungeon (5/15)
 Temple: D:4-7

Altars:
Gozag

Shops:
D:3 *

Annotations:
D:4 Pikel


Innate Abilities, Weirdness & Mutations

You are immune to poison.
You have sharp fingernails.
Your flesh is cold resistant. (rC+)
You are immune to negative energy. (rN+++)
You do not regenerate when monsters are visible.
You are immune to unholy pain and torment.
You thrive by killing the living.


Message History

The black bear barely misses you.
The black bear claws you but does no damage.
The black bear claws you.
* * * LOW HITPOINT WARNING * * *
You scratch the black bear but do no damage.
You claw the black bear, but do no damage.
The black bear is severely wounded.
You scratch the black bear.
The black bear is almost dead.
The black bear goes berserk!
You claw the black bear!
The black bear is almost dead.
The black bear bites you.
* * * LOW HITPOINT WARNING * * *
The black bear barely misses you. The black bear claws you.
* * * LOW HITPOINT WARNING * * *
The black bear bites you but does no damage.
The black bear claws you.
* * * LOW HITPOINT WARNING * * *
The black bear closely misses you.
You scratch the black bear.
You kill the black bear!
You feel better.
You feel your intelligence returning.
You have reached level 7!
An ogre comes into view. It is wielding a +0 giant club.
The ogre shouts!
The ribbon worm expels a string of sticky webbing.
The stream of webbing hits you but does no damage.
You are caught in a web!
There is a web here.
The web tears apart.
The ribbon worm expels a string of sticky webbing.
The stream of webbing hits you but does no damage.
You are caught in a web!
There is a web here.
You struggle to detach yourself from the web.
You struggle to detach yourself from the web.
The ogre hits you with a +0 giant club!
You die...

...#..................#
#.............##...##.#
#..#.#.....#..##........
.##...#.#......##...##.....
........##...#..#..... ....
........##...)........ ...
....................... ..
.##.........[....## ..##
###..@........## .....
#...O#.#.......
.....##....###........
......................
#........###.........
.......w####†###.#..
.##.....#.##.##
##...>......#
###.............


You could see an ogre and a ribbon worm.

Vanquished Creatures
  A black bear (D:5)
  2 phantoms
  A hound (D:4)
  An iguana (D:4)
  8 gnolls
  6 adders
  A white imp (D:3)
  A dart slug (D:4)
  A ribbon worm (D:3)
  5 orcs (D:4)
  4 ball pythons
  5 bats
  5 endoplasms
  7 giant cockroaches
  7 goblins
  5 hobgoblins
  5 jackals
  6 kobolds
  A quokka (D:3)
  5 frilled lizards
  5 rats
82 creatures vanquished.

Notes
Turn   | Place    | Note
-------+----------+-------------------------------------------
     0 | D:1      | SnakkuSnakku7 the Ghoul Summoner began the quest for the
                  | Orb.
     0 | D:1      | Reached XP level 1. HP: 14/14 MP: 3/3
    87 | D:1      | Reached skill level 1 in Fighting
    87 | D:1      | Reached skill level 1 in Unarmed Combat
    98 | D:1      | Reached XP level 2. HP: 23/23 MP: 4/4
   340 | D:1      | Reached XP level 3. HP: 24/29 MP: 5/5
   603 | D:2      | Found an opulent altar of Gozag.
   908 | D:2      | Reached XP level 4. HP: 35/37 MP: 6/6
  1780 | D:3      | Reached XP level 5. HP: 45/45 MP: 7/7
  2061 | D:3      | Found Yffiats's General Store.
  2065 | D:3      | Bought a potion of heal wounds for 70 gold pieces
  2065 | D:3      | Bought a scroll of identify for 28 gold pieces
  2186 | D:3      | Bought a scroll of identify for 28 gold pieces
  2652 | D:4      | Noticed a phantom
  2686 | D:4      | Killed a phantom
  2687 | D:4      | Reached XP level 6. HP: 27/53 MP: 8/8
  2770 | D:4      | Noticed Pikel
  3634 | D:5      | Entered Level 5 of the Dungeon
  3651 | D:5      | Reached skill level 5 in Fighting
  3651 | D:5      | Reached skill level 5 in Unarmed Combat
  3684 | D:5      | Identified the +2 mace of Wonderful Watchfulness {venom,
                  | rElec}
  3689 | D:5      | Noticed a black bear
  3712 | D:5      | HP: 1/56 [black bear (3)]
  3713 | D:5      | Killed a black bear
  3714 | D:5      | Reached XP level 7. HP: 3/61 MP: 9/9
  3727 | D:5      | Mangled by an ogre

Illustrated notes

Levels and vault maps discovered:
D:1:      dpeg_arrival_fog, layout_rooms, minmay_shallow_snake_nest
D:2:      layout_rooms, basic_altar, corexii_leaking_fountain,
          grunt_ministairs_6, minmay_misc_feat_ornament
D:3:      layout_loops_ring, serial_shops, shop
D:4:      layout_loops_ring, st_stairs_8, uniq_pikel
D:5:      layout_cave_pools, minmay_temple_entry_slanted

Skill      XL: |  1  2  3  4  5  6 |
---------------+-------------------+-----
Fighting       | 1 2 3 4 5 |  5.5
Unarmed Combat | 1 2 3 4 5 |  5.5
Dodging        | |  1.7
Stealth        | |  2.1
Spellcasting   | |  1.7
Summonings     | |  3.6

Action                     |  1- 3 |  4- 6 |  7- 9 || total
---------------------------+-------+-------+-------++-------
  Melee: Unarmed           |   163 |   246 |       ||   409
         Punch             |     3 |     8 |       ||    11
    Use: Scroll            |       |     5 |       ||     5
         Potion            |       |     5 |       ||     5
 Armour: Ring mail         |   122 |   157 |     1 ||   280
         Robe              |     1 |       |       ||     1
  Dodge: Dodged            |   104 |   118 |       ||   222
